 Dungeon Crawl Stone Soup version 0.30-b1-2-g02819fbbbe (webtiles) character file.

Game seed: 10260224107896343718

42 funkygono the Shield-Bearer (level 3, 0/33 HPs)
             Began as a Minotaur Fighter on June 7, 2023.
             Slain by Ijyb
             ... wielding a +5 dagger
              (8 damage)
             ... on level 3 of the Dungeon.
             The game lasted 00:01:41 (801 turns).

funkygono the Shield-Bearer (Minotaur Fighter)       Turns: 801, Time: 00:01:42

Health: 0/33       AC: 11    Str: 22    XL:     3   Next: 35%
Magic:  2/2        EV:  6    Int:  5    God:
Gold:   68         SH:  4    Dex:  9    Spells: 2/2 levels left

rFire   . . .        a - +0 war axe
rCold   . . .        c - +0 buckler
rNeg    . . .        n - +0 plate armour
rPois   .            (helmet restricted)
rElec   .            (no cloak)
rCorr   .            (no gloves)
SInv    .            (no boots)
Will    .....        (no amulet) Stlth
                     (no ring)
HPRegen 0.25/turn    (no ring)
MPRegen 0.08/turn

%: no passive effects
@: no status effects
A: horns 2, retaliatory headbutt
a: no special abilities


You were on level 3 of the Dungeon.
You visited 1 branch of the dungeon, and saw 3 of its levels.

You collected 68 gold pieces.

Inventory:

Hand Weapons
 a - a +0 war axe (weapon)
Missiles
 b - 13 stones
 l - 9 poisoned darts (quivered)
Armour
 c - a +0 buckler (worn)
 n - a +0 plate armour (worn)
Scrolls
 g - 2 scrolls of blinking {unknown}
 j - a scroll of fear {unknown}
 k - 2 scrolls of identify {unknown}
 o - a scroll of fog {unknown}
Potions
 d - a potion of might
 e - a potion of lignification {unknown}
 f - a potion of heal wounds {unknown}
 h - 2 potions of brilliance {unknown}
 i - a potion of degeneration {unknown}
 m - a potion of berserk rage {unknown}


   Skills:
 + Level 4.1 Fighting
 + Level 3.0 Axes
 + Level 0.2 Throwing
 + Level 4.0 Armour
 + Level 4.3 Shields


You had 2 spell levels left.
You didn't know any spells.
Your spell library was empty.

Dungeon Overview and Level Annotations

Branches:
Dungeon (2/15)

Altars:

Annotations:
D:3 Ijyb


Innate Abilities, Weirdness & Mutations

You have a pair of horns on your head.
You reflexively headbutt those who attack you in melee.


Message History

You barely miss the frilled lizard.
Your headbutt misses the frilled lizard.
The frilled lizard bites you but does no damage. x2
You barely miss the frilled lizard. You headbutt the frilled lizard.
You kill the frilled lizard!
A quokka comes into view.
You see here a frilled lizard corpse.
You aren't carrying any items that you can evoke.
Unknown command.
Ijyb and a dart slug come into view.
Ijyb is wielding a +5 dagger and carrying a wand of flame (13).
Ijyb shouts!
A kobold comes into view. It is wielding a +0 club.
The kobold shouts!
The quokka attacks as you move away! You block the quokka's attack.
The quokka attacks as you move away! The quokka bites you.
The quokka barely misses you. The quokka attacks as you move away!
The quokka bites you. The quokka attacks as you move away!
The quokka barely misses you. The quokka attacks as you move away!
The quokka bites you but does no damage.
You barely miss the quokka. The quokka bites you.
The quokka bites you but does no damage.
You slash the quokka!
You kill the quokka!
Your Axes skill increases to level 3!
You hit the kobold.
You kill the kobold!
You barely miss Ijyb.
Ijyb zaps a wand.
The puff of flame hits you!
You closely miss Ijyb.
Ijyb zaps a wand.
The puff of flame hits you!
You hit Ijyb. Your headbutt misses Ijyb.
Ijyb is lightly wounded.
Ijyb hits you but does no damage.
The dart slug briefly extends its eye-stalks.
Ijyb zaps a wand.
The puff of flame hits you.
* * * LOW HITPOINT WARNING * * *
You slash Ijyb!
Ijyb is heavily wounded.
Ijyb hits you with a +5 dagger!
You die...

######## ### #...... ..#
#.#...
..###################.#.#####
..'.†.).........@gw..........
..##.################.#.#.##
...#.# #.....†...# ##.#.#
#.........# .#...#
#.K#####..# ....##
......#((?#....# .#..#
#.....w#!$$#.[### ##.##
#......#$=)#..# ...#
#......#####..#


You could see Ijyb and a dart slug.

Vanquished Creatures
  2 dart slugs (D:1)
  4 endoplasms (D:1)
  A giant cockroach (D:1)
  6 goblins
  3 hobgoblins (D:1)
  4 quokkas
  A ball python (D:1)
  4 bats (D:1)
  A frilled lizard (D:3)
  6 kobolds
  3 rats
35 creatures vanquished.

Notes
Turn   | Place    | Note
-------+----------+-------------------------------------------
     0 | D:1      | funkygono the Minotaur Fighter began the quest for the Orb.
     0 | D:1      | Reached XP level 1. HP: 19/19 MP: 0/0
   129 | D:1      | Reached XP level 2. HP: 26/27 MP: 1/1
   440 | D:1      | Reached XP level 3. HP: 24/33 MP: 2/2
   751 | D:2      | You fall into a shaft and drop 1 floor!
   751 | D:3      | Found a faded altar of an unknown god.
   784 | D:3      | Noticed Ijyb
   801 | D:3      | Slain by Ijyb

Illustrated notes

Levels and vault maps discovered:
D:1:      dpeg_arrival_tiny_i, layout_basic, st_stairs_5
D:2:      layout_basic
D:3:      layout_basic, ebering_ecumenical_altar_box,
          dreamdust_princess_corridor, due_unseen_surprise, uniq_terence,
          uniq_ijyb

Skill      XL: |  1  2  3 |
---------------+----------+-----
Shields        | 4 |  4.3
Armour         | 4 |  4.0
Fighting       | 4 |  4.1
Axes           | 3 |  3.0
Throwing       | |  0.2

Action                     || total
---------------------------++-------
  Melee: War axe           ||    72
         Headbutt          ||     8
  Throw: Dart              ||     2
 Armour: Scale mail        ||    12
         Plate armour      ||    38
  Dodge: Dodged            ||    26
  Block: Buckler           ||    15
